 Dungeon Crawl Stone Soup version 0.30-a0-782-ge64f9170bb (webtiles) character file.

Game seed: 13164351946144176933

102398 mopl the Black Belt (level 16, -16/112 HPs)
             Began as a Djinni Transmuter on Mar 6, 2023.
             Was a Follower of Okawaru.
             Demolished by a white ugly thing (33 damage)
             ... on level 14 of the Dungeon.
             The game lasted 01:01:37 (34885 turns).

mopl the Black Belt (Djinni Transmuter)            Turns: 34885, Time: 01:01:38

Health: -16/112    AC: 35    Str: 21    XL:     16   Next: 85%
Gold:   3334       EV: 15    Int: 18    God:    Okawaru [*.....] SH:  6 Dex: 17

rFire   + + .      SeeInvis +      - Unarmed
rCold   . . .      Faith    +    U - +0 buckler {rN+}
rNeg    + + +      Spirit   .    n - +8 shadow dragon scales of Grot {SInv Stlth++++}
rPois   ∞          Reflect  .    L - +1 helmet {SInv}
rElec   .          Harm     .    q - +2 cloak {Will+}
rCorr   .          Rampage  .    C - +2 pair of gloves {infuse}
Will    ++...                    (boots unavailable)
Stlth   ++++                     A - amulet of faith {!P}
HPRegen 0.38/turn                h - ring "Gisoarph" {rN++ Str+6 Int+4}
MPRegen 0.00/turn                Z - ring of protection from cold

@: heroic, flying
A: sickness immunity, fire resistance 2, cold vulnerability 1, float, innate
caster, HP casting, extra vitality 1
a: Renounce Religion, Heroism


You were on level 14 of the Dungeon.
You worshipped Okawaru.
Okawaru was aware of your devotion.
You visited 3 branches of the dungeon, and saw 22 of its levels.
You also visited: Trove, Sewer, Ossuary, Bailey and Volcano.

You collected 4800 gold pieces.
You spent 1466 gold pieces at shops.

Inventory:

Hand Weapons
 K - the +7 falchion of Sunlight {venom, Will+ SInv}
   (You found it on level 4 of the Dungeon)

   SInv:      It lets you see invisible.
   Will:      It increases your willpower.
 W - a +4 scimitar of flaming
Missiles
 i - 30 boomerangs
 t - 34 poisoned darts (quivered)
 B - 8 curare-tipped darts
 V - 2 throwing nets
Armour
 a - the +1 pair of gloves of Noon {rN+}
   (You found it in a treasure trove)

   rN:        It protects you from negative energy.
 n - the +8 shadow dragon scales of Grot (worn) {SInv Stlth++++}
   (Okawaru gifted it to you on level 5 of the Lair of Beasts)

   SInv:      It lets you see invisible.
   Stlth:     It makes you much more stealthy.
 q - a +2 cloak of willpower (worn)
 C - a +2 pair of gloves of infusion (worn)
 G - the +9 crystal plate armour "Zesu" {Dex+3}
   (You found it in a treasure trove)

   Dex:       It affects your dexterity (+3).
 L - a +1 helmet of see invisible (worn)
 P - the +0 pair of gloves "Yjuada" {Str+5}
   (You found it in a treasure trove)

   Str:       It affects your strength (+5).
 U - a +0 buckler of positive energy (worn)
Jewellery
 h - the ring "Gisoarph" (left hand) {rN++ Str+6 Int+4}
   (You took it off a centaur warrior on level 13 of the Dungeon)

   [ring of strength]

   Str:       It affects your strength (+6).
   Int:       It affects your intelligence (+4).
   rN:        It greatly protects you from negative energy.
 A - an amulet of faith (around neck) {!P}
 J - the ring "Tibeexynoi" {rF+ rCorr Int+4}
   (You bought it in a shop on level 2 of the Orcish Mines)

   [ring of resist corrosion]

   Int:       It affects your intelligence (+4).
   rF:        It protects you from fire.
   rCorr:     It protects you from acid and corrosion.
 Z - a ring of protection from cold (right hand)
Wands
 w - a wand of flame (18)
 x - a wand of acid (7)
 y - a wand of polymorph (21)
 S - a wand of iceblast (13)
Scrolls
 l - 3 scrolls of blinking
 o - a scroll of enchant armour
 p - 3 scrolls of magic mapping
 r - 9 scrolls of teleportation
 s - 7 scrolls of fear
 v - 5 scrolls of immolation
 z - 5 scrolls of poison
 E - 4 scrolls of amnesia {unknown}
 F - 2 scrolls of silence {!r}
 M - 2 scrolls of vulnerability
 N - 2 scrolls of fog
Potions
 b - 5 potions of lignification {!q}
 c - 2 potions of heal wounds
 d - 11 potions of ambrosia
 e - 13 potions of curing
 g - 6 potions of might
 k - 4 potions of brilliance
 m - 7 potions of haste
 u - 2 potions of berserk rage {!q}
 D - 4 potions of cancellation
 I - 4 potions of resistance
 Y - 2 potions of invisibility
Miscellaneous
 f - a condenser vane
 j - a lightning rod (4/4)
 H - a piece from Xom's chessboard (15/15)
 X - a tin of tremorstones (2/2)


   Skills:
 + Level 9.0(14.0) Fighting
 + Level 7.5(12.5) Throwing
 + Level 9.0(14.0) Armour
 + Level 10.1(15.1) Dodging
 + Level 1.3(6.3) Shields
 * Level 16.0(21.0) Unarmed Combat
 + Level 9.1 Spellcasting
 + Level 9.0 Invocations
 + Level 9.0 Evocations


You couldn't memorise any spells.
You knew the following spells:

 Your Spells              Type           Power      Damage    Failure   Level
a - Beastly Appendage     Tmut           80%        N/A       1%          1
b - Spider Form           Tmut/Pois      40%        N/A       4%          3
c - Shock                 Conj/Air       100%       1d9       1%          1
d - Ice Form              Ice/Tmut       40%        N/A       14%         4
e - Ensorcelled Hibernat  Hex/Ice        80%        N/A       2%          2
f - Scorch                Fire           80%        2d9       2%          2
g - Dispel Undead         Necr           40%        3d16      14%         4
h - Summon Lightning Spi  Summ/Air       40%        N/A       14%         4
i - Borgnjor's Vile Clut  Necr/Erth      20%        N/A       36%         5
j - Statue Form           Tmut/Erth      26%        N/A       91%         6
w - Wereblood             Tmut           40%        N/A       2%          2
Your spell library was empty.

Dungeon Overview and Level Annotations

Branches:
Dungeon (15/15)            Temple (0/1) D:6            Lair (5/5) D:10
 Shoals (0/4) Lair:2        Snake (0/4) Lair:3        Slime (0/5) Lair:5
    Orc (2/2) D:9             Elf (0/3) Orc:2        Vaults (0/5) D:14
 Depths (0/4) D:15          Sewer (visited)         Ossuary (visited)
 Bailey (visited)         Volcano (visited)

Altars:
Ashenzari
Dithmenos
Fedhas
Gozag
Makhleb
Nemelex Xobeh
Okawaru
Ru
Xom
The Shining One
Jiyva
Lugonu

Shops:
D:2 :   D:6 (*   D:10 ?   Orc:2 *:*[

Portals:
Abyss: Lair:5

Annotations:
D:12 8 runed translucent doors
Lair:5 3 runed translucent doors, exclusion: 2 oklob plants, PaleRider's ghost, journeyman TrFi


Innate Abilities, Weirdness & Mutations

You are immune to sickness and miasma.
You are immune to poison.
Your flesh is very heat resistant. (rF++)
You are vulnerable to cold. (rC-)
You float through the air rather than walking.
You learn spells naturally, not from books.
Your magical power is your life essence.
You have superior vitality. (+4 MHP)


Message History

HP restored.
You fly downwards.
The cyan ugly thing closely misses you.
The white ugly thing punches you but does no damage.
There is a stone staircase leading up, spattered with blood here.
Things that are here:
a +0 shortbow; a +0 shortbow The cyan ugly thing stings you!
The cyan ugly thing shocks you!
The white ugly thing punches you but does no damage.
The centaur warrior shoots an arrow.
The arrow hits you!
You fly upwards.
There is a stone staircase leading down, spattered with blood here.
You pummel the white ugly thing!!
The white ugly thing is moderately wounded.
The white ugly thing punches you but does no damage.
The cyan ugly thing barely misses you.
You hit the white ugly thing but do no damage.
The white ugly thing is moderately wounded.
The white ugly thing punches you but does no damage.
The cyan ugly thing stings you! The cyan ugly thing shocks you!
You are too injured to fight recklessly!
You are too injured to fight recklessly!
You are too injured to fight recklessly!
You punch the white ugly thing!
The white ugly thing is heavily wounded.
The white ugly thing punches you. The white ugly thing freezes you!!
* * * LOW HITPOINT WARNING * * *
You block the cyan ugly thing's attack.
You gain the combat prowess of a mighty hero.
The white ugly thing punches you but does no damage.
You block the cyan ugly thing's attack.
* * * LOW HITPOINT WARNING * * *
You punch the white ugly thing!
The white ugly thing is severely wounded.
* * * LOW HITPOINT WARNING * * *
You punch the white ugly thing!
The white ugly thing is severely wounded.
The white ugly thing punches you.
* * * LOW HITPOINT WARNING * * *
The white ugly thing freezes you!!
You die...

#.# #.##...## #.†#####
#.# ###.....###.......
#.# ##.......##.######
#.###....#....### #
#.##⌠...###[..⌠# #
#..##....#....## #
#.#.##.......## #
##############.###.....##
#
...........[†..u@##...##
# ....##########..)u##.##
# ....#
###.###'############
....#
####...................
....#
###....#.################
....# #....#.#.# ....#
#.#.#..#.# ....#
#..#.#.#.# ....#
##.#...#..#


You could see 2 ugly things.

Vanquished Creatures
  A dire elephant (D:14)
  A red draconian (Volcano)
  Snorg (Lair:5)
  Fannar (Lair:2)
  4 vault guards (D:14)
  7 hydras
  5 centaur warriors
  8 boulder beetles
  Erica (Lair:1)
  11 two-headed ogres
  An ogre mage (Volcano)
  A death knight (D:14)
  2 tengu warriors
  A vampire mage (D:14)
  3 orc high priests
  Amaemon (Lair:2)
  3 thrashing horrors (Lair:5)
  A deep elf knight (D:12)
  3 skysharks
  A steelbarb worm (shapeshifter) (Lair:5)
  3 deep elf pyromancers
  4 orc knights
  3 orc sorcerers
  19 ugly things
  5 manticores
  5 cyclopes
  A moth of wrath (shapeshifter) (D:13)
  4 elephants (Lair:5)
  A guardian serpent (shapeshifter) (D:13)
  A naga mage (D:15)
  A water nymph (shapeshifter) (D:13)
  4 black mambas
  2 smoke demons (Lair:5)
  5 gargoyles
  A cane toad (shapeshifter) (D:14)
  An orange demon (Lair:2)
  3 unseen horrors
  12 cane toads
  2 rime drakes
  9 komodo dragons
  Maggie (D:7)
  A freezing wraith (D:13)
  2 kobold demonologists (D:12)
  4 efreet
  2 tengu conjurers
  3 meliai (D:12)
  A queen bee (shapeshifter) (Lair:5)
  A troll (shapeshifter) (D:13)
  2 ancient zymes (Lair:5)
  A polar bear (Lair:5)
  A queen bee (D:12)
  9 trolls
  A hornet (D:9)
  15 blink frogs
  A dream sheep (shapeshifter) (D:13)
  A jumping spider (shapeshifter) (Lair:5)
  6 wyverns
  11 slime creatures
  A vampire (D:12)
  Eustachio (D:4)
  4 wraiths (D:14)
  60 yaks
  A spriggan (Lair:5)
  9 small abominations (Lair:5)
  A ynoxinul (Lair:5)
  Grum (Bailey)
  7 humans (D:14)
  2 chaos spawn (Lair:5)
  5 basilisks
  10 vampire mosquitoes
  A large abomination (Lair:5)
  A warg (Orc:1)
  3 nagas (Lair:3)
  3 acid dragons
  14 water moccasins
  18 orc warriors
  5 ice beasts
  A black bear (shapeshifter) (D:14)
  A sky beast (D:8)
  5 black bears
  9 ogres
  11 wolves
  15 centaurs
  9 kobold brigands
  2 necrophages
  5 bullfrogs
  9 gnoll sergeants
  2 water moccasin zombies (Ossuary)
  6 scorpions
  5 wights (D:10)
  21 killer bees
  2 howler monkeys
  5 electric eels
  8 crimson imps (D:11)
  3 hounds
  6 gnoll boudas (Bailey)
  21 orc priests
  3 jellies
  Ijyb (D:5)
  27 orc wizards
  3 iguanas
  7 hell rats (Lair:5)
  2 mummies (Ossuary)
  16 gnolls
  11 adders
  14 river rats
  A white imp (D:11)
  An ufetubus (D:5)
  6 adder zombies (Ossuary)
  5 worms
  5 dart slugs
  83 orcs
  12 endoplasms
  5 giant cockroaches
  3 gnoll zombies (Ossuary)
  17 goblins
  8 hobgoblins
  21 kobolds
  A quokka (D:4)
  8 ball pythons
  6 bats
  6 frilled lizards
  4 hobgoblin zombies (Ossuary)
  2 kobold zombies (Ossuary)
  3 orc zombies (Ossuary)
  7 rats
787 creatures vanquished.

Vanquished Creatures (others)
  A human (D:14)
  An orc wizard (Orc:2)
  An orc (D:5)
  4 bushes (D:10)
  22 fungi
  54 plants
83 creatures vanquished.

Grand Total: 870 creatures vanquished

Notes
Turn   | Place    | Note
-------+----------+-------------------------------------------
     0 | D:1      | mopl the Djinni Transmuter began the quest for the Orb.
     0 | D:1      | mopl set off with the following spells memorised: Beastly
                  | Appendage, Wereblood, Spider Form, Ice Form.
     0 | D:1      | Reached XP level 1. HP: 17/17 MP: 0/0
   275 | D:1      | Reached XP level 2. HP: 18/22 MP: 0/0
   540 | D:1      | Reached XP level 3. HP: 26/27 MP: 0/0
   540 | D:1      | Learned a level 1 spell: Shock
   581 | D:1      | Reached skill level 2 in Spellcasting
   864 | D:2      | Found Affaar's Book Boutique.
  1083 | D:2      | Found a faded altar of an unknown god.
  1250 | D:2      | Reached skill level 4 in Unarmed Combat
  1436 | D:3      | Reached XP level 4. HP: 30/32 MP: 0/0
  1617 | D:3      | Identified the +4 ring mail of the Sacrificial Victim {rF+
                  | rCorr}
  1707 | D:3      | Reached XP level 5. HP: 31/37 MP: 0/0
  1707 | D:3      | Learned a level 2 spell: Ensorcelled Hibernation
  1797 | D:3      | Found a glowing drain.
  1814 | Sewer    | Entered a sewer
  1897 | Sewer    | Noticed a kobold brigand
  1897 | Sewer    | Noticed a kobold brigand
  1915 | Sewer    | Killed a kobold brigand
  1916 | Sewer    | Reached skill level 5 in Unarmed Combat
  1916 | Sewer    | Reached XP level 6. HP: 20/42 MP: 0/0
  1926 | Sewer    | Reached skill level 3 in Spellcasting
  2052 | Sewer    | Reached skill level 6 in Unarmed Combat
  2114 | Sewer    | Reached XP level 7. HP: 16/47 MP: 0/0
  2114 | Sewer    | Learned a level 2 spell: Scorch
  2439 | Sewer    | Reached skill level 7 in Unarmed Combat
  3197 | D:4      | Reached XP level 8. HP: 52/52 MP: 0/0
  3239 | D:4      | Reached skill level 4 in Spellcasting
  3252 | D:4      | Found a sand-covered staircase.
  3255 | D:4      | Found a broken altar of Ashenzari.
  3257 | D:4      | Found a sparkling altar of Nemelex Xobeh.
  3266 | D:4      | Found a sacrificial altar of Ru.
  3275 | Ossuary  | Entered an ossuary
  3384 | Ossuary  | Reached skill level 8 in Unarmed Combat
  3472 | D:4      | Found a burning altar of Makhleb.
  3506 | D:4      | Identified the +7 falchion of Sunlight {venom, Will+ SInv}
  3572 | D:4      | Found a transporter.
  3583 | D:4      | Found a blossoming altar of Fedhas.
  3640 | D:4      | Identified the +8 shadow dragon scales "Majuem" {rF+++
                  | Int+5 Dex-2 Stlth++++}
  3712 | D:4      | Noticed Eustachio
  3719 | D:4      | Killed Eustachio
  3764 | D:4      | Reached skill level 9 in Unarmed Combat
  3764 | D:4      | Reached XP level 9. HP: 56/57 MP: 0/0
  3764 | D:4      | Learned a level 4 spell: Dispel Undead
  3794 | D:4      | Found a transporter.
  3796 | D:4      | Identified the +2 hand axe of Makaesir {antimagic, rElec
                  | SInv}
  4226 | D:5      | Entered Level 5 of the Dungeon
  4370 | D:5      | Found a shimmering altar of Xom.
  4376 | D:5      | Reached skill level 5 in Spellcasting
  4408 | D:5      | Reached skill level 10 in Unarmed Combat
  4460 | D:5      | Noticed Ijyb
  4468 | D:5      | Killed Ijyb
  4644 | D:5      | Found an iron altar of Okawaru.
  4725 | D:5      | Became a worshipper of Warmaster Okawaru
  4826 | D:6      | Found a staircase to the Ecumenical Temple.
  5073 | D:6      | Found Nixetic's Lightly-Used Armoury.
  5424 | D:6      | Found Asaapp's Antique Weapon Shoppe.
  5716 | D:7      | Found a flagged portal.
  5736 | Bailey   | Entered a bailey
  5761 | Bailey   | Reached skill level 1 in Evocations
  6112 | Bailey   | Reached XP level 10. HP: 63/63 MP: 0/0
  6154 | Bailey   | Reached skill level 1 in Armour
  6154 | Bailey   | Reached skill level 1 in Invocations
  6154 | Bailey   | Reached * piety under Okawaru
  6282 | Bailey   | Reached skill level 1 in Throwing
  6437 | Bailey   | Reached skill level 2 in Fighting
  6437 | Bailey   | Reached skill level 3 in Dodging
  6439 | Bailey   | Noticed Grum
  6761 | Bailey   | Reached skill level 2 in Armour
  6761 | Bailey   | Reached skill level 11 in Unarmed Combat
  6761 | Bailey   | Reached skill level 2 in Evocations
  6794 | Bailey   | Reached ** piety under Okawaru
  6795 | Bailey   | Reached skill level 2 in Invocations
  7331 | Bailey   | Killed Grum
  7332 | Bailey   | Reached skill level 6 in Spellcasting
  7950 | D:7      | Noticed Maggie
  7968 | D:7      | Killed Maggie
  8229 | D:7      | Reached skill level 2 in Throwing
  8507 | D:8      | Found a shadowy altar of Dithmenos.
  8722 | D:8      | Found a glowing golden altar of the Shining One.
  8729 | D:8      | Reached skill level 3 in Fighting
  8732 | D:8      | Reached *** piety under Okawaru
  8733 | D:8      | Reached skill level 4 in Dodging
  8857 | D:8      | Reached skill level 3 in Invocations
  8857 | D:8      | Reached XP level 11. HP: 13/71 MP: 0/0
  8857 | D:8      | Learned a level 4 spell: Summon Lightning Spire
  9127 | D:8      | Reached skill level 3 in Evocations
  9130 | D:8      | Reached skill level 3 in Armour
  9867 | D:9      | Reached **** piety under Okawaru
  9868 | D:9      | Reached skill level 3 in Throwing
 10096 | D:9      | Found a staircase to the Orcish Mines.
 10332 | D:10     | Entered Level 10 of the Dungeon
 10560 | D:10     | Reached skill level 4 in Fighting
 10565 | D:10     | Reached ***** piety under Okawaru
 10761 | D:10     | Reached skill level 12 in Unarmed Combat
 10808 | D:10     | Reached skill level 5 in Dodging
 11103 | D:10     | Reached skill level 4 in Armour
 11103 | D:10     | Reached skill level 4 in Invocations
 11109 | D:10     | Reached skill level 4 in Evocations
 11321 | D:10     | Found a staircase to the Lair.
 11783 | D:10     | Reached XP level 12. HP: 49/79 MP: 0/0
 12036 | D:10     | Received a gift from Okawaru
 12459 | D:10     | Found Upnoic's Magic Scroll Emporium.
 12466 | D:10     | Bought a scroll of identify for 28 gold pieces
 12466 | D:10     | Bought a scroll of fear for 56 gold pieces
 12466 | D:10     | Bought a scroll of fog for 56 gold pieces
 12466 | D:10     | Bought a scroll of blinking for 105 gold pieces
 12466 | D:10     | Bought a scroll of poison for 56 gold pieces
 12466 | D:10     | Bought a scroll of immolation for 56 gold pieces
 12691 | Lair:1   | Entered Level 1 of the Lair of Beasts
 12768 | Lair:1   | Noticed Erica
 12780 | Lair:1   | Identified the +1 robe of Okawaru's Generosity {rN+}
                  | (Okawaru gifted it to you on level 1 of the Lair of Beasts)
 12780 | Lair:1   | Received a gift from Okawaru
 12791 | Lair:1   | Killed Erica
 12889 | Lair:1   | Found an opulent altar of Gozag.
 13389 | Lair:1   | Reached skill level 5 in Fighting
 13452 | Lair:1   | Reached skill level 4 in Throwing
 13814 | Lair:1   | Reached skill level 6 in Dodging
 14125 | Lair:1   | Reached skill level 5 in Armour
 14147 | Lair:2   | Noticed Amaemon
 14228 | Lair:2   | Found a dark tunnel.
 14261 | Volcano  | Entered a volcano
 14283 | Volcano  | Noticed a two-headed ogre
 14284 | Volcano  | Noticed a two-headed ogre
 14286 | Volcano  | Noticed a two-headed ogre
 14308 | Volcano  | Noticed an ogre mage
 14332 | Volcano  | Paralysed by an ogre mage for 4 turns
 14343 | Volcano  | Killed an ogre mage
 14344 | Volcano  | Reached skill level 7 in Spellcasting
 14344 | Volcano  | Reached skill level 5 in Invocations
 14344 | Volcano  | Reached skill level 5 in Evocations
 14348 | Volcano  | Found a burning altar of Makhleb.
 14349 | Volcano  | Noticed a red draconian
 14412 | Volcano  | Killed a two-headed ogre
 14427 | Volcano  | Killed a two-headed ogre
 14427 | Volcano  | Reached ****** piety under Okawaru
 14431 | Volcano  | Killed a two-headed ogre
 14477 | Volcano  | Noticed a two-headed ogre
 14487 | Volcano  | Noticed a two-headed ogre
 14511 | Volcano  | Noticed a two-headed ogre
 14517 | Volcano  | Killed a two-headed ogre
 14530 | Volcano  | Killed a two-headed ogre
 14531 | Volcano  | Reached skill level 13 in Unarmed Combat
 14544 | Volcano  | Killed a two-headed ogre
 14545 | Volcano  | Reached XP level 13. HP: 81/86 MP: 0/0
 14545 | Volcano  | Learned a level 5 spell: Borgnjor's Vile Clutch
 14623 | Volcano  | Killed a red draconian
 15005 | Lair:2   | Noticed Fannar
 15028 | Lair:2   | Killed Fannar
 15028 | Lair:2   | Received a gift from Okawaru
 15551 | Lair:2   | Found a staircase to the Shoals.
 15555 | Lair:2   | Received a gift from Okawaru
 15639 | Lair:2   | Killed Amaemon
 15640 | Lair:2   | Reached skill level 6 in Fighting
 16329 | Lair:2   | Reached skill level 7 in Dodging
 16468 | Lair:3   | Received a gift from Okawaru
 16474 | Lair:3   | Reached skill level 6 in Invocations
 16551 | Lair:3   | Reached skill level 5 in Throwing
 16551 | Lair:3   | Reached skill level 6 in Evocations
 16600 | Lair:3   | Reached skill level 6 in Armour
 16609 | Lair:3   | Noticed an eight-headed hydra
 16684 | Lair:3   | Killed a four-headed hydra
 17376 | Lair:3   | Found a staircase to the Snake Pit.
 17925 | Lair:3   | Received a gift from Okawaru
 18203 | Lair:4   | Received a gift from Okawaru
 18213 | Lair:4   | Received a gift from Okawaru
 18232 | Lair:4   | Reached XP level 14. HP: 44/94 MP: 0/0
 18793 | Lair:4   | HP: 2/94 [boulder beetle (25)]
 19200 | Lair:5   | Entered Level 5 of the Lair of Beasts
 19224 | Lair:5   | Reached skill level 14 in Unarmed Combat
 19449 | Lair:5   | Found a viscous altar of Jiyva.
 19451 | Lair:5   | Found a staircase to the Slime Pits.
 19750 | Lair:5   | Received a gift from Okawaru
 19802 | Lair:5   | Reached skill level 7 in Fighting
 19848 | Lair:5   | Identified the +8 shadow dragon scales of Grot {SInv
                  | Stlth++++} (Okawaru gifted it to you on level 5 of the Lair
                  | of Beasts)
 19848 | Lair:5   | Received a gift from Okawaru
 19849 | Lair:5   | Reached skill level 8 in Dodging
 20055 | Lair:5   | Reached skill level 7 in Armour
 20064 | Lair:5   | Reached skill level 7 in Invocations
 20124 | Lair:5   | Reached skill level 7 in Evocations
 20391 | Lair:5   | Reached skill level 8 in Spellcasting
 20479 | Lair:5   | Reached skill level 6 in Throwing
 20701 | Lair:5   | Found a corrupted altar of Lugonu.
 20701 | Lair:5   | Found a one-way gate to the infinite horrors of the Abyss.
 20817 | Lair:5   | Found a runed translucent gate.
 20817 | Lair:5   | Found a runed translucent gate.
 20817 | Lair:5   | Found a runed translucent gate.
 20827 | Lair:5   | Noticed a minotaur
 20910 | Lair:5   | Noticed Snorg
 20932 | Lair:5   | Killed Snorg
 20963 | Lair:5   | Noticed PaleRider's ghost (journeyman TrFi)
 21753 | D:10     | Bought a scroll of acquirement for 728 gold pieces
 21753 | D:10     | Bought a scroll of torment for 133 gold pieces
 21753 | D:10     | Acquired 963 gold pieces
 21836 | Orc:1    | Entered Level 1 of the Orcish Mines
 22587 | Orc:2    | Entered Level 2 of the Orcish Mines
 23252 | Orc:2    | Identified the +1 halberd "Murmur" {heavy, Str+2 Dex+3}
                  | (Okawaru gifted it to you on level 2 of the Orcish Mines)
 23252 | Orc:2    | Received a gift from Okawaru
 23531 | Orc:2    | Reached XP level 15. HP: 66/101 MP: 0/0
 23531 | Orc:2    | Learned a level 6 spell: Statue Form
 24041 | Orc:2    | Paralysed by an orc sorcerer for 4 turns
 24248 | Orc:2    | Found Zaehickuo's Assorted Antiques.
 24248 | Orc:2    | Found Ilonuner's Antique Armour Emporium.
 24256 | Orc:2    | Found Ohytatal's Assorted Antiques.
 24256 | Orc:2    | Found Urchex's Book Boutique.
 24270 | Orc:2    | Bought a scroll of identify for 52 gold pieces
 24270 | Orc:2    | Bought a scroll labelled KUMIATHR MIJUIMM for 26 gold
                  | pieces
 24273 | Orc:2    | Bought a flickering jade ring for 170 gold pieces
 24273 | Orc:2    | Identified the ring "Tibeexynoi" {rF+ rCorr Int+4} (You
                  | bought it in a shop on level 2 of the Orcish Mines)
 24345 | Orc:2    | Found a staircase to the Elven Halls.
 25401 | D:11     | Acquired 955 gold pieces
 25997 | D:12     | Received a gift from Okawaru
 26665 | D:12     | Identified the +2 quarterstaff "Arbiter" {drain, rC+ Str+2
                  | Int+2}
 26778 | D:12     | Reached skill level 15 in Unarmed Combat
 26924 | D:12     | Reached skill level 9 in Dodging
 27065 | D:12     | Found a large runed translucent door.
 27068 | D:12     | Noticed a storm dragon
 27073 | D:12     | Found a large runed translucent door.
 27074 | D:12     | Found a large runed translucent door.
 27074 | D:12     | Noticed a stone giant
 27129 | D:12     | Reached skill level 8 in Fighting
 27129 | D:12     | Reached skill level 8 in Invocations
 27180 | D:12     | Reached skill level 8 in Armour
 27325 | D:12     | Reached skill level 8 in Evocations
 27952 | D:12     | Received a gift from Okawaru
 28200 | D:12     | Found a large runed translucent door.
 28201 | D:12     | Found a large runed translucent door.
 28285 | D:12     | Found a large runed translucent door.
 28286 | D:12     | Found a large runed translucent door.
 28289 | D:12     | Found a large runed translucent door.
 28949 | D:13     | Received a gift from Okawaru
 29237 | D:12     | Received a gift from Okawaru
 29556 | D:13     | Reached XP level 16. HP: 90/110 MP: 0/0
 29782 | D:13     | Identified the +10 flail of Dissatisfaction {pain, rF+}
 29782 | D:13     | Identified the +0 swamp dragon scales of Casafai {rElec
                  | rPois rC- Regen+}
 29843 | D:13     | Reached skill level 7 in Throwing
 30093 | D:13     | Identified the ring "Gisoarph" {rN++ Str+6 Int+4}
 30834 | D:13     | Identified the -1 pair of gloves "Pung" {rF+ rN++} (Okawaru
                  | gifted it to you on level 13 of the Dungeon)
 30834 | D:13     | Received a gift from Okawaru
 31063 | D:13     | Identified the +10 plate armour "Weck" {rPois Dex+2 SInv}
 31515 | D:14     | Found a sacrificial altar of Ru.
 32780 | D:14     | Identified the +9 plate armour "Vuawosso" {Will- Regen+
                  | Str+6}
 32884 | D:14     | Found a gate to the Vaults.
 32959 | D:15     | Entered Level 15 of the Dungeon
 32967 | D:15     | Reached skill level 9 in Spellcasting
 33056 | D:15     | Found a portal to a secret trove of treasure.
 33423 | Trove    | Entered a treasure trove
 33427 | Trove    | Identified the +0 hat "Majos" {Dex+3}
 33431 | Trove    | Identified the +9 crystal plate armour "Zesu" {Dex+3}
 33432 | Trove    | Identified the +0 pair of gloves "Yjuada" {Str+5}
 33433 | Trove    | Identified the +7 chain mail "Sivudghuf" {Contam Harm rF+}
 33434 | Trove    | Identified the +7 chain mail of Intercession {rF+ rC- rN+}
 33436 | Trove    | Identified the +1 crystal plate armour of Fourgh {Harm
                  | Regen+ Str+3}
 33440 | Trove    | Identified the +0 chain mail "Ulyrphid" {Will+}
 33456 | Trove    | Identified the +1 pair of gloves of Noon {rN+}
 33938 | D:15     | Found a staircase to the Depths.
 33977 | D:14     | Reached skill level 10 in Dodging
 33986 | D:14     | Reached skill level 9 in Armour
 34378 | D:15     | Reached skill level 1 in Shields
 34378 | D:15     | Reached skill level 9 in Invocations
 34388 | D:15     | Reached skill level 16 in Unarmed Combat
 34471 | D:14     | Reached skill level 9 in Fighting
 34503 | D:14     | Reached skill level 9 in Evocations
 34885 | D:14     | Demolished by a white ugly thing

Illustrated notes

Levels and vault maps discovered:
D:1:      saegor_arrival_under_anarchy, layout_basic
D:2:      layout_basic, serial_shops, shop, dreamdust_ecumenical_altar_statues
D:3:      layout_loops_ring, portal_sewer_entry_b
D:4:      gammafunk_cloud_chamber, layout_basic, kennysheep_mini_moat,
          grunt_temple_overflow_open, fedhas_altar_3, enter_ossuary_1,
          uniq_eustachio
D:5:      layout_rooms, xom_confusion_cloud, kennysheep_okawaru_gauntlet,
          uniq_ijyb
D:6:      layout_basic, minmay_temple_entry_statues, serial_shops,
          nicolae_lakefront_shop, minmay_shop_damaged
D:7:      corexii_shack_village, layout_rooms, enter_bailey_3, hex_intersection,
          uniq_maggie
D:8:      layout_gridville, mainiacjoe_overflow_24_doors,
          mainiacjoe_overflow_brackets
D:9:      layout_rooms, hiddenorc1_lemuel
D:10:     layout_basic, minmay_lair_entry_grove, serial_shops, shop
D:11:     layout_basic, minmay_nine_imps
D:12:     minmay_five_octagons, layout_basic, special_room [special_room_bee]
D:13:     minmay_the_grid_octo_tiled_octocenter_mashed [minmay_the_grid_octo_77,
          minmay_the_grid_octo_checkerflower, minmay_the_grid_octo_toaster,
          minmay_the_grid_octo_concentric,
          minmay_the_grid_octo_prize_square_snowflake,
          minmay_the_grid_square_5x5_three,
          minmay_the_grid_square_5x5_checkered_statues,
          minmay_the_grid_square_5x5_minimal, minmay_the_grid_square_5x5_v],
          layout_basic, dreamdust_deal_with_the_devil, minivault_14
D:14:     layout_basic, ximxim_vaults_locker_room, nicolae_ru_awakened_eye,
          nzn_life_drinkers
D:15:     hangedman_depths_entry_try_elsewhere_first, layout_cave_pools,
          nicolae_two_hexagons, nicolae_trove_entry_crossroad
Lair:1:   layout_cave_pods, basic_altar, uniq_erica
Lair:2:   layout_long_grid, minmay_shoals_entry_centaurs, enter_volcano_4,
          beast_lair_carwin_9, serial_bayou_shore_b, uniq_fannar, uniq_amaemon
Lair:3:   layout_chaotic_city, nicolae_snake_entry_squirm
Lair:4:   layout_misc_corridors, infiniplex_staircase_pool_2,
          grunt_megastairs_1, serial_bayou_shore_a
Lair:5:   hellmonk_lair_end_abyssal_woods, layout_gridlike,
          minmay_slime_entry_oklob_enclosed, maelrawn_ghost_gauntlet_escape,
          kennysheep_rathole, lemuel_fruit_fields, grunt_megastairs_5,
          uniq_snorg
Orc:1:    layout_diamond_mine, nicolae_orc_lava_room
Orc:2:    grunt_orc_tribal_feast, layout_diamond_mine

Skill      XL: |  1  2  3  4  5  6  7  8  9 10 11 12 13 14 15 16 |
---------------+-------------------------------------------------+-----
Spellcasting   | 2 3 4 5 6 7 8 9 |  9.1
Unarmed Combat | 4 5 6 7 9 10 11 12 13 14 15 16 | 16.0
Evocations     | 1 2 4 5 6 7 8 9 |  9.0
Armour         | 2 4 5 6 7 8 9 |  9.0
Invocations    | 3 4 5 6 7 8 9 |  9.0
Throwing       | 2 3 4 5 6 7 |  7.5
Fighting       | 3 4 5 6 7 8 9 |  9.0
Dodging        | 4 5 6 7 8 9 10 | 10.1
Shields        | 1 |  1.3

Action                     |  1- 3 |  4- 6 |  7- 9 | 10-12 | 13-15 | 16-18 || total
---------------------------+-------+-------+-------+-------+-------+-------++-------
  Melee: Unarmed           |    27 |       |       |       |  1262 |   486 ||  1775
         Headbutt          |     3 |       |    25 |       |       |       ||    28
         Punch             |     4 |     2 |    28 |    62 |   147 |    47 ||   290
         Spear             |    70 |   110 |   214 |       |       |       ||   394
         Falchion          |       |       |   221 |   728 |    96 |       ||  1045
         Scimitar          |       |       |       |       |    23 |       ||    23
  Throw: Dart              |       |       |       |   121 |    87 |    10 ||   218
   Cast: Beastly Appendage |     6 |     1 |     9 |       |       |       ||    16
         Wereblood         |       |       |     5 |       |       |       ||     5
         Scorch            |       |       |       |     5 |       |       ||     5
         Ensorcelled Hiber |       |       |       |     2 |     4 |       ||     6
 Invoke: Heroism           |       |       |       |     4 |    29 |     7 ||    40
  Evoke: Condenser vane    |       |       |       |       |     1 |       ||     1
    Use: Scroll            |       |       |       |     8 |    13 |     2 ||    23
         Potion            |       |       |       |     1 |     3 |       ||     4
   Stab: Sleeping          |     3 |       |     5 |     7 |     6 |     3 ||    24
         Distracted        |       |       |       |     1 |       |     1 ||     2
         Confused          |       |       |       |       |     2 |       ||     2
 Armour: Robe              |    30 |     2 |       |       |       |       ||    32
         Ring mail         |       |    40 |   104 |       |       |       ||   144
         Shadow dragon sca |       |       |   216 |   594 |   966 |   395 ||  2171
  Dodge: Dodged            |    47 |    52 |   258 |   480 |   847 |   292 ||  1976
  Block: Buckler           |       |       |       |       |       |    59 ||    59

Table legend: (Time is in decaauts)
 A = Elapsed time spent in this place.
 B = Non-inter-level travel time spent in this place.
 C = Inter-level travel time spent in this place.
 D = Time resting spent in this place.
 E = Time spent auto-exploring this place.
 F = Levels seen in this place.
 G = Mean time per level.
                   A        B        C        D        E       F      G
               +--------+--------+--------+--------+--------+-----+--------+
         Total |  34910 |  33130 |   1780 |  13002 |  11944 |  27 | 1293.0 |
       Dungeon |  20088 |  18713 |   1375 |   7438 |   6794 |  15 | 1339.2 |
          Lair |   8592 |   8242 |    350 |   3216 |   3358 |   5 | 1718.4 |
  Orcish Mines |   2447 |   2394 |     53 |    916 |    955 |   2 | 1223.5 |
         Trove |     57 |     57 |      0 |      0 |      3 |   1 |   57.0 |
         Sewer |    874 |    874 |      0 |    201 |    347 |   1 |  874.0 |
       Ossuary |    220 |    220 |      0 |      0 |     79 |   1 |  220.0 |
        Bailey |   2158 |   2158 |      0 |   1229 |    298 |   1 | 2158.0 |
       Volcano |    470 |    470 |      0 |      0 |    110 |   1 |  470.0 |
               +--------+--------+--------+--------+--------+-----+--------+

Top non-repeatable levels by time:
    D:12: 3071 daAuts
    D:14: 2956 daAuts
    D:10: 2626 daAuts
  Lair:5: 2321 daAuts
  Bailey: 2158 daAuts
  Lair:2: 1825 daAuts
  Lair:1: 1719 daAuts
  Lair:3: 1516 daAuts
    D:11: 1497 daAuts
    D:13: 1486 daAuts
     D:9: 1313 daAuts
   Orc:1: 1281 daAuts
  Lair:4: 1208 daAuts
     D:4: 1174 daAuts
   Orc:2: 1166 daAuts
